 Dungeon Crawl Stone Soup version 0.30-a0-451-ge042605de7 (webtiles) character file.

Game seed: 18016761079432135538

721 kurumiz the Ducker (level 7, -8/68 HPs)
             Began as a Troll Berserker on Dec 12, 2022.
             Was a Priest of Trog.
             Killed by divine providence
             ... invoked by an orc priest
              (13 damage)
             ... on level 7 of the Dungeon.
             The game lasted 00:24:03 (3159 turns).

kurumiz the Ducker (Troll Berserker)                Turns: 3159, Time: 00:24:04

Health: -8/68      AC:  4    Str: 28    XL:     7   Next: 42%
Magic:  6/6        EV: 10    Int:  3    God:    Trog [***...]
Gold:   258        SH:  0    Dex:  9    Spells: 6/6 levels left

rFire   . . .      SeeInvis .    i - +1 dagger (drain)
rCold   . . .      Faith    .    (no shield)
rNeg    . . .      Spirit   .    a - +0 animal skin
rPois   .          Reflect  .    (helmet restricted)
rElec   .          Harm     .    (no cloak)
rCorr   .          Rampage  .    (gloves unavailable)
Will    .....                    (boots unavailable)
Stlth   +.........               (no amulet)
HPRegen 1.11/turn                k - ring of flight
MPRegen 0.10/turn                (no ring)

@: flying
A: large, unfitting armour, claws 3, regeneration 1, shaggy fur 1, tough skin 1
a: Renounce Religion, Berserk, Trog's Hand


You were on level 7 of the Dungeon.
You worshipped Trog.
Trog was most pleased with you.
You visited 1 branch of the dungeon, and saw 7 of its levels.

You collected 258 gold pieces.

Inventory:

Hand Weapons
 h - a +0 whip
 i - a +1 dagger of draining (weapon)
 o - a +0 dagger
 s - a +0 rapier
 u - a +0 dagger
 x - a +0 club
 E - a +1 short sword of draining
 G - a +0 war axe
 J - a +0 giant spiked club
 K - a +0 shortbow
Missiles
 g - 64 stones (quivered)
 w - 7 poisoned darts
Armour
 a - a +0 animal skin (worn)
 e - a +0 robe
 n - a +0 leather armour
 t - a +0 ring mail
 y - a +0 robe
 B - a +0 leather armour
 C - a +0 ring mail
 D - a +0 scale mail
 I - a +0 leather armour
Magical Staves
 v - a staff of death
Jewellery
 k - a ring of flight (left claw)
Wands
 r - a wand of charming (11)
Scrolls
 c - 3 scrolls of noise {unknown}
 l - a scroll of fog {unknown}
 m - a scroll of teleportation {unknown}
 z - 2 scrolls of poison {unknown}
 L - a scroll of torment {unknown}
Potions
 b - 3 potions of haste {unknown}
 d - 4 potions of heal wounds {unknown}
 f - a potion of magic {unknown}
 j - 2 potions of lignification {unknown}
 p - 2 potions of degeneration {unknown}
 q - a potion of cancellation {unknown}
 A - a potion of flight {unknown}
 F - 2 potions of brilliance {unknown}
 H - a potion of invisibility {unknown}


   Skills:
 + Level 3.7 Fighting
 + Level 3.9 Short Blades
 + Level 4.3 Dodging
 + Level 1.0 Stealth
 + Level 3.9 Unarmed Combat


You had 6 spell levels left.
You didn't know any spells.
Your spell library was empty.

Dungeon Overview and Level Annotations

Branches:
Dungeon (7/15)
 Temple: D:4-7

Altars:

Shops:
D:4 =   D:7 [

Portals:
Sewer: D:4

Annotations:
D:2 Sigmund


Innate Abilities, Weirdness & Mutations

You are too large for most types of armour.
You have claws for hands.
Your natural rate of healing is unusually fast.
You are covered in fur. (AC +1)
You have tough skin. (AC +1)


Message History

The orc wizard hits you but does no damage.
The orc priest hits you with a +0 club.
* * * LOW HITPOINT WARNING * * *
The orc priest hits you but does no damage.
The wyvern barely misses you. The wyvern attacks as you move away!
The wyvern bites you but does no damage.
The orc wizard casts a spell.
The orc wizard flickers and vanishes!
The wyvern closely misses you. The wyvern attacks as you move away!
The wyvern misses you. The wyvern bites you.
* * * LOW HITPOINT WARNING * * *
The wyvern attacks as you move away! The wyvern barely misses you.
The wyvern barely misses you. The wyvern bites you.
* * * LOW HITPOINT WARNING * * *
The orc priest mumbles some strange prayers to Beogh against you.
Beogh smites you!
* * * LOW HITPOINT WARNING * * *
The wyvern attacks as you move away!
The wyvern bites you but does no damage.
The wyvern attacks as you move away! The wyvern barely misses you.
The wyvern bites you.
* * * LOW HITPOINT WARNING * * *
You hit the wyvern but do no damage.
The wyvern is almost dead.
The wyvern closely misses you.
You closely miss the wyvern.
The wyvern is almost dead.
An orc wizard appears from thin air!
Reactivating autopickup.
The wyvern bites you.
* * * LOW HITPOINT WARNING * * *
You hit the wyvern. You drain the wyvern.
You kill the wyvern!
Trog accepts your kill.
The orc priest calls down the wrath of Beogh upon you.
Beogh smites you!
You die...

#####o#### .... ###..
#.# o.. #.. #.# #+# #..
#.# ##### #.# #..
#.###...#### #.# ###
#.##.......###.##
#oo......#.##...##
####.....#.#.....#######
##o.@##.##...........
#..###.###.#.#######
#............#
#.####.####### #......#
########


You could see an orc priest, an orc wizard and an orc.

Vanquished Creatures
  A wyvern (D:7)
  An ice beast (D:7)
  A black bear (D:7)
  A centaur (D:7)
  An ogre (D:7)
  3 hounds
  2 orc priests
  Jessica (D:3)
  2 iguanas
  3 gnolls (D:4)
  2 adders (D:2)
  A worm (D:2)
  3 dart slugs
  12 orcs
  3 bats
  6 endoplasms
  2 giant cockroaches
  4 goblins
  4 hobgoblins
  8 jackals
  3 quokkas
  2 ball pythons
  7 frilled lizards
  11 kobolds
  8 rats
  A toadstool (D:1)
93 creatures vanquished.

Vanquished Creatures (others)
  3 toadstools (D:1)
3 creatures vanquished.

Grand Total: 96 creatures vanquished

Notes
Turn   | Place    | Note
-------+----------+-------------------------------------------
     0 | D:1      | kurumiz the Troll Berserker began the quest for the Orb.
     0 | D:1      | Reached XP level 1. HP: 22/22 MP: 0/0
   343 | D:1      | Reached XP level 2. HP: 26/29 MP: 1/1
   676 | D:1      | Reached XP level 3. HP: 36/36 MP: 2/2
   865 | D:2      | Reached ** piety under Trog
  1066 | D:2      | Identified the +2 leather armour "Jeazeopp" {rPois rC-
                  | Str+3 SInv}
  1099 | D:2      | Reached skill level 1 in Short Blades
  1100 | D:2      | Reached XP level 4. HP: 43/44 MP: 3/3
  1121 | D:2      | Noticed Sigmund
  1258 | D:3      | Noticed Jessica
  1305 | D:3      | Killed Jessica
  1306 | D:3      | Reached skill level 3 in Dodging
  1588 | D:3      | Reached XP level 5. HP: 52/52 MP: 4/4
  2247 | D:4      | Found a glowing drain.
  2487 | D:4      | Found Eklonari's Jewellery Emporium.
  2525 | D:4      | Reached XP level 6. HP: 59/61 MP: 5/5
  2569 | D:5      | Entered Level 5 of the Dungeon
  2707 | D:6      | Reached *** piety under Trog
  2938 | D:7      | Reached skill level 4 in Dodging
  2938 | D:7      | Reached skill level 1 in Stealth
  2938 | D:7      | Reached XP level 7. HP: 38/67 MP: 6/6
  3125 | D:7      | Found Apnijerr's Armour Shop.
  3125 | D:7      | Noticed a wyvern
  3159 | D:7      | Killed a wyvern
  3159 | D:7      | Killed from afar by an orc priest

Illustrated notes

Levels and vault maps discovered:
D:1:      ldierk_water_garden, layout_loops_corners
D:2:      layout_basic, uniq_sigmund
D:3:      layout_basic, uniq_jessica
D:4:      layout_rooms, serial_shops, nicolae_stop_n_shop_2,
          gup_sewer_entry_glass, uniq_duvessa
D:5:      layout_rooms
D:6:      layout_loops_ring, serial_rivers, chequers_serial_rivers_large_b,
          chequers_serial_rivers_small_a, chequers_serial_rivers_marsh,
          chequers_serial_rivers_micro_d, chequers_serial_rivers_large_a,
          uniq_eustachio
D:7:      layout_loops_corners, nicolae_overflow_hidden_temple,
          nemelex_xobeh_ov_fountains_minmay, minmay_temple_entry_ruins,
          serial_shops, shop, st_stairs_14

Skill      XL: |  1  2  3  4  5  6 |
---------------+-------------------+-----
Short Blades   | 1 2 3 |  3.9
Dodging        | 3 4 |  4.3
Fighting       | 3 |  3.7
Stealth        | 1 |  1.0
Unarmed Combat | |  3.9

Action                   |  1- 3 |  4- 6 |  7- 9 || total
-------------------------+-------+-------+-------++-------
Melee: Unarmed           |    36 |       |       ||    36
       Punch             |     2 |     3 |     1 ||     6
       Dagger            |    94 |   250 |    36 ||   380
       Giant spiked club |       |     6 |       ||     6
 Stab: Sleeping          |     2 |     1 |       ||     3
Armor: Animal skin       |    37 |    74 |    10 ||   121
Dodge: Dodged            |    62 |   140 |    28 ||   230

Table legend: (Time is in decaauts)
 A = Elapsed time spent in this place.
 B = Non-inter-level travel time spent in this place.
 C = Inter-level travel time spent in this place.
 D = Time resting spent in this place.
 E = Time spent auto-exploring this place.
 F = Levels seen in this place.
 G = Mean time per level.
                   A        B        C        D        E       F      G
               +--------+--------+--------+--------+--------+-----+--------+
         Total |   3122 |   1589 |   1533 |      0 |    567 |   7 |  446.0 |
       Dungeon |   3122 |   1589 |   1533 |      0 |    567 |   7 |  446.0 |
               +--------+--------+--------+--------+--------+-----+--------+

Top non-repeatable levels by time:
     D:3: 1207 daAuts
     D:1: 774 daAuts
     D:2: 346 daAuts
     D:7: 334 daAuts
     D:6: 230 daAuts
     D:4: 219 daAuts
     D:5: 10 daAuts
